 Dungeon Crawl Stone Soup version 0.17.0-24-gcfadda4 (webtiles) character file.

4710 Helmschank the Grappler (level 10, 0/83 HPs)
             Began as a Purple Draconian Transmuter on Nov 16, 2015.
             Was a Priest of Fedhas.
             Slain by a centaur warrior (12 damage)
             ... on level 10 of the Dungeon.
             The game lasted 00:58:49 (10156 turns).

Helmschank the Grappler (DrTm)                     Turns: 10156, Time: 00:58:49

Health: 0/83       AC:  9    Str: 14    XL:     10   Next: 22%
Magic:  13/17      EV: 14    Int: 16    God:    Fedhas [***...]
Gold:   544        SH:  0    Dex: 11    Spells: 5 memorised, 3 levels left

rFire  + . .     SeeInvis .       - Unarmed
rCold  . . .     Clarity  .     (armour unavailable)
rNeg   . . .     SustAt   .     (no shield)
rPois  +         Gourm    .     (helmet restricted)
rElec  .         Spirit   .     (no cloak)
rCorr  .         Warding  .     E - +0 pair of gloves
rMut   .         Stasis   .     x - +0 pair of boots
MR     +....                    B - amulet of regeneration
Stlth  +.........               Q - ring of poison resistance
                                u - ring of protection from fire (curse)

@: appendage, somewhat resistant to hostile enchantments, very unstealthy
A: breathe power, unfitting armour, horns 2, cold-blooded, AC +7
a: Breathe Dispelling Energy, End Transformation, Evolution, Sunlight, Growth,
Renounce Religion


You were on level 10 of the Dungeon.
You worshipped Fedhas.
Fedhas was most pleased with you.
You were not hungry.
You had grown temporary horns.
You visited 2 branches of the dungeon, and saw 11 of its levels.

You collected 544 gold pieces.

Inventory:

Hand Weapons
 e - a +0 blowgun
 S - a +2 scimitar of flaming
Missiles
 a - 113 arrows
 o - 29 poisoned needles
 q - 23 tomahawks (quivered)
 U - 247 stones
Armour
 x - a +0 pair of boots (worn)
 E - a +0 pair of gloves (worn)
Jewellery
 u - a cursed ring of protection from fire (left hand)
 B - an amulet of regeneration (around neck)
 Q - a ring of poison resistance (right hand)
Wands
 f - a wand of frost (46)
 i - a wand of slowing (28)
 G - a wand of magic darts (10)
 J - a wand of disintegration (14)
 N - a wand of slowing (15)
 T - a wand of draining (0)
Scrolls
 s - 2 scrolls of remove curse
 t - 3 scrolls of enchant armour
 w - a scroll of magic mapping
 y - 2 scrolls of amnesia
 F - 2 scrolls of teleportation
 I - a scroll of fear
 K - a scroll of noise
 V - a scroll of fog
Potions
 d - a potion of resistance
 k - 2 potions of brilliance
 l - 3 potions of curing
 m - a potion of magic
 n - 7 potions of agility
 v - 3 potions of might
 z - 2 potions of flight {unknown}
 A - 2 potions of cancellation {unknown}
 C - a potion of ambrosia {unknown}
 D - 3 potions of invisibility {unknown}
 H - a potion of haste
 M - a potion of berserk rage {unknown}
 P - 2 potions of lignification {unknown}
Books
 b - a book of Changes

   Spells                             Type                      Level
   a - Beastly Appendage              Transmutation                1
   b - Sticks to Snakes               Transmutation                2
   c - Spider Form                    Transmutation/Poison         3
   d - Ice Form                       Ice/Transmutation            4
   e - Blade Hands                    Transmutation                5
 L - a book of Enchantments

   Spells                             Type                      Level
   a - Cause Fear                     Hexes                        4
   b - Silence                        Hexes/Air                    5
   c - Deflect Missiles               Charms/Air                   6
   d - Haste                          Charms                       6
   e - Discord                        Hexes                        8
 R - a Young Poisoner's Handbook

   Spells                             Type                      Level
   a - Sting                          Conjuration/Poison           1
   b - Cure Poison                    Poison                       2
   c - Mephitic Cloud                 Conjuration/Poison/Air       3
   d - Olgreb's Toxic Radiance        Poison                       4
   e - Venom Bolt                     Conjuration/Poison           5
Comestibles
 c - 8 bread rations
 g - a chunk of flesh
 h - 8 slices of pizza
 j - 2 royal jellies
 p - 2 meat rations
 r - a fruit
 O - a beef jerky


   Skills:
 - Level 5.9 Fighting
 - Level 5.2 Dodging
 * Level 10.0 Unarmed Combat
 + Level 4.7 Spellcasting
 + Level 5.7 Transmutations
 - Level 3.7 Ice Magic
 + Level 4.1 Invocations


You had 3 spell levels left.
You knew the following spells:

 Your Spells              Type           Power        Failure   Level  Hunger
a - Spider Form           Trmt/Pois      ##........   14%         3    ###....
f - Blade Hands           Trmt           ###.......   50%         5    ######.
s - Ice Form              Ice/Trmt       ###.....     28%         4    ####...
x - Sticks to Snakes      Trmt           ###.......   2%          2    ##.....
z - Beastly Appendage     Trmt           ###...       1%          1    None


Dungeon Overview and Level Annotations

Branches:
Dungeon (10/15)            Temple (1/1) D:6             Orc (0/4) D:9
   Lair: D:8-11

Altars:
Ashenzari
Cheibriados
Dithmenos
Elyvilon
Fedhas
Gozag
Kikubaaqudgha
Makhleb
Nemelex Xobeh
Okawaru
Qazlal
Ru
Sif Muna
Trog
Vehumet
Xom
Yredelemnul
Zin
The Shining One

Shops:
D:8 ?

Annotations:
D:4 gw's ghost, novice HOFi


Innate Abilities, Weirdness & Mutations

You can breathe bolts of dispelling energy.
Your rich purple scales are hard (AC +7).
Your body does not fit into most forms of armour.
You are cold-blooded and may be slowed by cold attacks.
You have a pair of horns on your head.


Message History

Your ball python completely misses the centaur warrior.
You hear a distant slurping noise.
The centaur warrior unwields an uncursed shortbow.
The centaur warrior closely misses you.
Your ball python barely misses the centaur warrior.
You punch the centaur warrior!
The centaur warrior is severely wounded.
The centaur warrior hits you.
* * * LOW HITPOINT WARNING * * *
Your ball python bites the centaur warrior but does no damage.
You barely miss the centaur warrior.
The centaur warrior is severely wounded.
The centaur warrior hits you but does no damage.
Your ball python bites the centaur warrior.
You punch the centaur warrior!
You headbutt the centaur warrior, but do no damage.
The centaur warrior is almost dead.
The centaur warrior hits you!
You die...
Fedhas appreciates your contribution to the ecosystem.

###
#........#
...#........#
#.#..<.....#
#..........#
###........#
#........#
#........#
#........#
#S@((....#
##c#######
#.# ###(#####
#..(...c#
#.......#
#.......#
#....!..#
........#


You could see a centaur warrior and a friendly ball python.

Vanquished Creatures
  Erica (D:9)
  A hippogriff (D:9)
  A wyvern (D:8)
  A human (D:7)
  2 water moccasins
  An eye of draining (D:10)
  3 black bears
  An ice beast (D:5)
  4 orc warriors (D:9)
  A sky beast (D:7)
  2 ogres
  A phantom (D:9)
  4 centaurs
  A giant frog (D:7)
  4 scorpions
  3 wights (D:9)
  3 killer bees (D:8)
  3 giant frog skeletons
  4 jellies
  14 orc wizards
  2 crimson imps
  6 hounds
  A quasit (D:8)
  A worker ant (D:5)
  4 orc priests
  2 centaur skeletons
  4 sheep (D:7)
  6 adders
  A shadow imp (D:5)
  An adder zombie (D:5)
  5 adder skeletons
  4 giant geckos
  52 orcs
  4 bats
  4 giant cockroaches
  9 goblins
  7 hobgoblins
  5 kobolds
  4 quokkas
  8 giant newts
  2 quokka skeletons
  10 rats
197 creatures vanquished.

Vanquished Creatures (collateral kills)
  An ice beast (D:9)
  An orc wizard (D:3)
  An ooze (D:1)
  A worm (D:2)
  3 orcs
  3 goblins
  2 kobolds
  A bat (D:2)
  A rat (D:2)
14 creatures vanquished.

Vanquished Creatures (others)
  82 toadstools
82 creatures vanquished.

Grand Total: 293 creatures vanquished

Notes
Turn   | Place    | Note
--------------------------------------------------------------
     0 | D:1      | Helmschank the Draconian Transmuter began the quest for the Orb.
     0 | D:1      | Reached XP level 1. HP: 16/16 MP: 3/3
   201 | D:1      | Reached XP level 2. HP: 23/23 MP: 3/5
   384 | D:1      | Learned a level 2 spell: Sticks to Snakes
  1093 | D:2      | Found a burning altar of Makhleb.
  1116 | D:2      | Reached XP level 3. HP: 21/28 MP: 2/6
  1246 | D:2      | Found a sacrificial altar of Ru.
  1300 | D:2      | Reached XP level 4. HP: 28/36 MP: 5/7
  1583 | D:2      | Reached skill level 4 in Unarmed Combat
  2110 | D:2      | Found a stormy altar of Qazlal.
  2243 | D:3      | Learned a level 3 spell: Spider Form
  3010 | D:3      | Found a deep blue altar of Sif Muna.
  3010 | D:3      | Found a glowing silver altar of Zin.
  3090 | D:4      | Found a shattered altar of Ashenzari.
  3463 | D:4      | Reached XP level 5. HP: 29/44 MP: 5/8
  3909 | D:4      | Noticed gw's ghost (novice HOFi)
  4284 | D:4      | Reached XP level 6. HP: 48/51 MP: 7/9
  4376 | D:5      | Entered Level 5 of the Dungeon
  4398 | D:5      | Reached skill level 5 in Unarmed Combat
  4487 | D:5      | Found a sacrificial altar of Ru.
  4578 | D:5      | Your scales start taking on a rich purple colour.
  4578 | D:5      | Reached XP level 7. HP: 24/58 MP: 0/10
  4874 | D:5      | Noticed a water moccasin
  4905 | D:5      | Killed a water moccasin
  4905 | D:5      | Reached skill level 6 in Unarmed Combat
  5045 | D:5      | Learned a level 4 spell: Ice Form
  5373 | D:5      | Reached skill level 1 in Ice Magic
  5615 | D:6      | Found an opulent altar of Gozag.
  5705 | D:6      | Found a staircase to the Ecumenical Temple.
  5712 | Temple   | Entered the Ecumenical Temple
  5776 | Temple   | Became a worshipper of Fedhas Madash
  5902 | D:6      | Reached XP level 8. HP: 65/67 MP: 11/11
  6270 | D:7      | Found a glowing golden altar of the Shining One.
  6691 | D:7      | Reached skill level 5 in Fighting
  6691 | D:7      | Reached skill level 7 in Unarmed Combat
  6814 | D:7      | Reached * piety under Fedhas
  7155 | D:7      | Reached skill level 5 in Dodging
  7225 | D:7      | Found an iron altar of Okawaru.
  7300 | D:7      | Reached skill level 8 in Unarmed Combat
  7406 | D:7      | Found a bloodstained altar of Trog.
  7692 | D:8      | Reached XP level 9. HP: 75/75 MP: 10/12
  7929 | D:8      | Found Xemiusk's Magic Scroll Shop.
  7963 | D:8      | Reached ** piety under Fedhas
  8149 | D:8      | Reached skill level 1 in Invocations
  8740 | D:9      | Found a snail-covered altar of Cheibriados.
  8839 | D:9      | Noticed Erica
  9084 | D:9      | Reached skill level 9 in Unarmed Combat
  9317 | D:9      | Reached skill level 5 in Transmutations
  9723 | D:9      | Found a staircase to the Orcish Mines.
  9737 | D:9      | Learned a level 5 spell: Blade Hands
  9765 | D:9      | Found a shadowy altar of Dithmenos.
  9865 | D:9      | Reached XP level 10. HP: 81/83 MP: 14/16
  9886 | D:9      | Killed Erica
  9886 | D:9      | Reached skill level 10 in Unarmed Combat
  9888 | D:9      | Reached *** piety under Fedhas
 10027 | D:10     | Entered Level 10 of the Dungeon
 10127 | D:10     | Noticed a centaur warrior
 10156 | D:10     | Slain by a centaur warrior

Action                   |  1- 3 |  4- 6 |  7- 9 | 10-12 || total
-------------------------+-------+-------+-------+-------++-------
Melee: Unarmed           |    91 |   169 |   543 |    39 ||   842
 Fire: Blowgun           |       |       |     1 |       ||     1
Throw: Stone             |     1 |     1 |       |       ||     2
       Tomahawk          |       |     7 |     8 |     1 ||    16
 Cast: Beastly Appendage |    11 |    26 |    52 |     2 ||    91
       Sticks to Snakes  |     6 |    14 |    29 |     3 ||    52
       Spider Form       |       |     2 |     3 |     2 ||     7
       Ice Form          |       |       |     2 |       ||     2
 Abil: Breathe Dispellin |       |       |     3 |     1 ||     4
  Use: Scroll            |       |    13 |     6 |       ||    19
       Potion            |       |       |     3 |     1 ||     4
 Stab: Invisible         |     1 |       |       |       ||     1
       Paralysed         |     1 |       |       |       ||     1
       Sleeping          |       |     1 |     1 |       ||     2
       Distracted        |       |       |     1 |       ||     1
  Eat: Chunk             |     2 |    13 |    18 |     2 ||    35
       Fruit             |       |       |     1 |       ||     1
       Beef jerky        |       |       |     5 |       ||     5
